 Dungeon Crawl Stone Soup version 0.21-a0-504-g2eda330 (webtiles) character file.

219 theanonym the Chopper (level 5, 0/43 HPs)
             Began as a Demonspawn Chaos Knight on Nov 27, 2017.
             Succumbed to a queen bee's poison
             ... on level 2 of the Abyss.
             The game lasted 00:03:14 (2131 turns).

theanonym the Chopper (Demonspawn Chaos Knight)     Turns: 2131, Time: 00:03:16

Health: 0/43       AC:  8    Str: 18    XL:     5   Next: 63%
Magic:  5/5        EV:  7    Int: 13    God:    Xom [...*..]
Gold:   122        SH:  0    Dex: 13    Spells: 4/4 levels left

rFire    . . .     SeeInvis .   a - +0 hand axe (chaos)
rCold    . . .     Gourm    .   (no shield)
rNeg     . . .     Faith    .   m - +0 chain mail
rPois    .         Spirit   .   (no helmet)
rElec    .         Reflect  .   (no cloak)
rCorr    .         Harm     .   (no gloves)
MR       .....                  (boots unavailable)
Stlth    ..........             (no amulet)
HPRegen  0.14/turn              (no ring)
MPRegen  0.09/turn              (no ring)

@: mighty, lethally poisoned (0 -> -39), about to teleport, drained
A: talons 3, spiny 1
a: Renounce Religion


Innate Abilities, Weirdness & Mutations

You have claws for feet.
You are partially covered in sharp spines.


   Skills:
 + Level 4.3(4.1) Fighting
 * Level 5.0(4.8) Axes
 - Level 1.7(1.5) Armour
 - Level 0.8(0.6) Dodging


You had 4 spell levels left.
You didn't know any spells.

Skill      XL: |  1  2  3  4 |
---------------+-------------+-----
Axes           | 3 4 5 |  5.0
Fighting       | 4 |  4.3
Armour         | |  1.7
Dodging        | |  0.8

Action                   |  1- 3 |  4- 6 || total
-------------------------+-------+-------++-------
Melee: Hand axe          |    77 |    50 ||   127
       Kick              |     1 |    11 ||    12
  Use: Scroll            |       |     6 ||     6
       Potion            |       |     2 ||     2
 Stab: Paralysed         |       |     1 ||     1
  Eat: Chunk             |     1 |     3 ||     4
Armor: Ring mail         |    32 |     6 ||    38
       Leather armour    |     2 |       ||     2
       Chain mail        |       |    18 ||    18
Dodge: Dodged            |    33 |    18 ||    51

Inventory:

Hand Weapons
 a - a +0 hand axe of chaos (weapon)
Missiles
 g - 7 poisoned javelins
 k - 3 javelins (quivered)
Armour
 b - a +2 leather armour
 e - a +0 ring mail
   (You found it on level 1 of the Dungeon)
 m - a +0 chain mail (worn)
   (You found it on level 3 of the Dungeon)
Scrolls
 y - a scroll of magic mapping {!r}
Potions
 f - a potion of brilliance
Books
 d - a book of Misfortune
   (You found it on level 2 of the Dungeon)

   Spells                             Type                      Level
   a - Confusing Touch                Hexes                        1
   b - Confuse                        Hexes                        3
   c - Gell's Gravitas                Translocation                3
   d - Petrify                        Transmutation/Earth          4
   e - Metabolic Englaciation         Hexes/Ice                    5
   f - Yara's Violent Unravelling     Hexes/Transmutation          5
 h - a book of Death
   (You found it on level 3 of the Dungeon)

   Spells                             Type                      Level
   a - Corpse Rot                     Necromancy                   2
   b - Sublimation of Blood           Necromancy                   2
   c - Agony                          Necromancy                   5
   d - Dispel Undead                  Necromancy                   5
   e - Excruciating Wounds            Charms/Necromancy            5
   f - Bolt of Draining               Conjuration/Necromancy       5
Comestibles
 c - a bread ration
 j - 5 fruits

Dungeon Overview and Level Annotations

Branches:
Dungeon (3/15)

Altars:
Cheibriados
Hepliaklqana
Okawaru
Ru
Vehumet
Yredelemnul
Zin


You were on level 2 of the Abyss.
You worshipped Xom.
You were a favourite toy of Xom.
You were not hungry.

You visited 1 branch of the dungeon, and saw 3 of its levels.
You visited the Abyss 1 time.

You collected 122 gold pieces.


Message History

The black bear claws you.
You take 3 damage, and have 34/37 hp.
You slash the black bear!
Lightning courses through the black bear!
The black bear goes berserk!
You closely miss the black bear.
The black bear is struck by your spines.
The black bear bites you.
The black bear claws you but does no damage. x2
The black bear is struck by your spines.
You kill the black bear!
Your base Axes skill increases to level 5!
You have reached level 5!
Your demonic ancestry asserts itself...
Your feet stretch into talons.
MP restored: 5 You start resting.
Some of the chunks of flesh in your inventory have rotted away.
Xom notices you.
You are now a plaything of Xom.
You are cast into the Abyss!
To return, you must find a gate leading back.
Killing monsters will force the Abyss to allow you passage.
This branch contains the abyssal rune of Zot.
Found a corrupted altar of Lugonu.
You regained 4 hp, and now have 38/43 hp.
Unknown command.
Found a glaive.
Some of the chunks of flesh in your inventory have rotted away.
You hear Xom's maniacal laughter.
Motes of dust swirl before your eyes.
You are now a favourite toy of Xom.
You regained 4 hp, and now have 42/43 hp.
Unknown command.
Unknown command.
r - 7 poisoned javelins An apocalypse crab comes into view.
Health restored: 43 An apocalypse crab is nearby!
An apocalypse crab is nearby!
An apocalypse crab is nearby!
Found a scroll labeled UMNOMN ANOASS.
o - 2 scrolls labeled UMNOMN ANOASS (gained 1)
You see here a scale mail.
As you read the scroll labeled AMEMIX UF EMA, it crumbles to dust.
It is a scroll of identify.
f - a potion of brilliance;
r - a scroll of identify;
g - 7 poisoned javelins
As you read the scroll of identify, it crumbles to dust.
l - a potion of might
Okay, then.
As you read the scroll labeled UMNOMN ANOASS, it crumbles to dust.
You feel strangely unstable.
You feel the power of the Abyss delaying your translocation!
It was a scroll of teleportation.
t - a scroll of teleportation
As you read the scroll labeled OXEIFO YLUIQYC, it crumbles to dust.
You assume a fearsome visage.
Nothing appears to happen.
It was a scroll of fear.
All of the chunks of flesh in your inventory have rotted away.
As you read the scroll labeled CELOANOWEN, it crumbles to dust.
You feel momentarily disoriented.
It was a scroll of magic mapping.
y - a scroll of magic mapping A raiju comes into view.
It was a potion of cancellation.
You feel strangely stable.
You feel magically purged.
Xom roars with laughter!
The raiju barks!
The raiju bursts into living lightning!
The living lightning hits you!
The raiju blinks!
Found a scroll labeled ROLEP AXKAIZE.
You take 9 damage, and have 34/43 hp.
MASSIVE DAMAGE!!
You see here a scale mail.
You hear Xom's avuncular chuckle.
The raiju evaporates and reforms as a queen bee!
Okay, then.
You feel very mighty all of a sudden.
The queen bee stings you but does no damage.
You see here a scale mail.
You hit the queen bee. You freeze the queen bee. The queen bee stings you!
* * * LOW HITPOINT WARNING * * *
You are lethally poisoned!
The queen bee poisons you!
You take 15 damage, and have 20/43 hp.
MASSIVE DAMAGE!!
Really read
t - a scroll of teleportation {!r}?
As you read the scroll of teleportation {!r}, it crumbles to dust.
You feel strangely unstable.
You feel the power of the Abyss delaying your translocation!
* * * LOW HITPOINT WARNING * * *
You feel sick. The queen bee stings you!
* * * LOW HITPOINT WARNING * * *
You are more poisoned.
The queen bee poisons you!
You take 15 damage, and have 5/43 hp.
MASSIVE DAMAGE!!
* * * LOW HITPOINT WARNING * * *
You feel very sick.
You take 3 damage, and have 2/43 hp.
Okay, then.
You die...
Xom guffaws!

.. #? #h ## . ≈ #.#
# .. ≈≈#.###.###.#
#.##
≈≈#....#y.###..##.
≈≈≈...#...#..# . #
≈≈###..##.@.#......#
♣≈t####....###.. . #
#..≈.....###..## . .
.#.#.#. #..#.... #
♣≈.....#.#. .... . ≈
. .#.......# ##. .#
≈≈≈..#.. #.#. #. .#
≈≈ ≈..#.....#.#
###.# ... ≈ ....#
.#.# .. #


You could see a queen bee.

Notes
Turn   | Place    | Note
-------+----------+-------------------------------------------
     0 | D:1      | theanonym the Demonspawn Chaos Knight began the quest for the Orb.
     0 | D:1      | Reached XP level 1. HP: 18/18 MP: 1/1
    40 | D:1      | XOM: harmless Tmut miscast
   152 | D:1      | Reached skill level 3 in Axes
   169 | D:1      | Gained mutation: You are partially covered in sharp spines. [demonic ancestry]
   169 | D:1      | Reached XP level 2. HP: 23/24 MP: 2/2
   240 | D:1      | XOM: silly message
   699 | D:2      | Gained mutation: You have sharp toenails. [demonic ancestry]
   699 | D:2      | Reached XP level 3. HP: 25/29 MP: 3/3
   820 | D:2      | XOM: silly message
  1080 | D:2      | XOM: silly message
  1153 | D:2      | Reached skill level 4 in Axes
  1184 | D:2      | Gained mutation: You have razor-sharp toenails. [demonic ancestry]
  1184 | D:2      | Reached XP level 4. HP: 37/37 MP: 4/4
  1437 | D:2      | Found a basalt altar of Yredelemnul.
  1441 | D:2      | Found a snail-covered altar of Cheibriados.
  1448 | D:2      | Found an iron altar of Okawaru.
  1450 | D:2      | Found a glowing silver altar of Zin.
  1450 | D:2      | Found a sacrificial altar of Ru.
  1452 | D:2      | Found a hazy altar of Hepliaklqana.
  1457 | D:2      | Found a radiant altar of Vehumet.
  1581 | D:2      | XOM: draining
  1951 | D:3      | Reached skill level 4 in Fighting
  2039 | D:3      | Noticed a black bear
  2045 | D:3      | Killed a black bear
  2045 | D:3      | Reached skill level 5 in Axes
  2045 | D:3      | Gained mutation: You have claws for feet. [demonic ancestry]
  2045 | D:3      | Reached XP level 5. HP: 34/43 MP: 5/5
  2075 | D:3      | XOM: medium Tloc miscast
  2075 | D:3      | Cast into level 2 of the Abyss (the capriciousness of Xom)
  2075 | Abyss:2  | Found a corrupted altar of Lugonu.
  2102 | Abyss:2  | XOM: harmless Erth miscast
  2110 | Abyss:2  | Noticed an apocalypse crab
  2121 | Abyss:2  | Noticed a raiju
  2125 | Abyss:2  | Noticed a queen bee
  2125 | Abyss:2  | a raiju changed into a queen bee
  2125 | Abyss:2  | XOM: polymorph raiju -> queen bee
  2128 | Abyss:2  | HP: 20/43 [queen bee (15)]
  2129 | Abyss:2  | HP: 5/43 [queen bee (13)]
  2130 | Abyss:2  | HP: 2/43 [poisoned by a queen bee]
  2131 | Abyss:2  | Succumbed to a queen bee's poison

Vanquished Creatures
  A black bear (D:3)
  4 adders
  An ooze (D:2)
  2 worms (D:2)
  3 dart slugs
  A leopard gecko (D:1)
  6 bats
  14 giant cockroaches
  6 hobgoblins
  9 jackals (D:2)
  2 frilled lizards
  7 goblins
  5 kobolds
  5 rats
66 creatures vanquished.
